 Dungeon Sprint DCSS version 0.22.1-1-ga44c0e56f4 (webtiles) character file.

102 MuseOD the Covert (level 4, -3/24 HPs)
             Began as a Spriggan Enchanter on Sept 28, 2018.
             Slain by a hell rat (16 damage)
             ... summoned by a deep elf mage
             ... in the Dungeon (Sprint III: "The Ten Rune Challenge").
             The game lasted 00:00:48 (223 turns).

MuseOD the Covert (Spriggan Enchanter)               Turns: 223, Time: 00:00:49

Health: -3/24      AC:  2    Str:  4    XL:     4   Next: 49%
Magic:  0/9        EV: 18    Int: 17    God:
Gold:   13         SH:  0    Dex: 16    Spells: 2/8 levels left

rFire    . . .     SeeInvis +   a - +1 dagger
rCold    . . .     Gourm    .   (shield restricted)
rNeg     . . .     Faith    .   b - +0 robe
rPois    .         Spirit   .   (helmet restricted)
rElec    .         Reflect  .   (no cloak)
rCorr    .         Harm     .   (gloves unavailable)
MR       .....     NoTele   +   (boots unavailable)
Stlth    ++++......             (no amulet)
HPRegen  0.08/turn              (no ring)
MPRegen  0.11/turn              (no ring)

@: lethally poisoned (-3 -> -48), very quick
A: very small, unfitting armour, see invisible, herbivore, speed 3, slow
metabolism 2
a: no special abilities


You were in the Dungeon.
You were not hungry.

You visited 1 branch You collected 13 gold pieces.

Inventory:

Hand Weapons
 a - a +1 dagger (weapon)
Armour
 b - a +0 robe (worn)
Scrolls
 i - a scroll of immolation {unknown}
 j - a scroll of blinking
 k - 2 scrolls of identify {unknown}
 l - 3 scrolls of remove curse
 n - a scroll of holy word {unknown}
Potions
 c - 4 potions of mutation
 e - a potion of curing
 f - a potion of heal wounds
 g - 2 potions of haste
 h - 2 potions of magic
 m - 3 potions of flight
Comestibles
 d - 3 rations


   Skills:
 + Level 3.4 Fighting
 * Level 6.9 Short Blades
 - Level 3.0 Dodging
 + Level 8.3 Stealth
 + Level 2.6 Spellcasting
 + Level 3.6 Hexes


You had 2 spell levels left.
You knew the following spells:

 Your Spells              Type           Power        Failure   Level  Hunger
a - Corona                Hex            ##.....      4%          1    #......
b - Ensorcelled Hibernat  Hex/Ice        #.....       13%         2    ##.....
c - Confuse               Hex            ##......     12%         3    ###....

Your spell library contained the following spells:

 Spells                   Type           Power        Failure   Level  Hunger
 Tukima's Dance           Hex            ##......     12%         3    ###....
 Dazzling Spray           Conj/Hex       #.....       26%         3    ###....


Dungeon Overview and Level Annotations

Branches:
Dungeon (1/1)

Altars:
Elyvilon
Zin
The Shining One


Innate Abilities, Weirdness & Mutations

You are very small and have problems with some larger weapons.
You are too small for most types of armour.
You have supernaturally acute eyesight. (SInv)
You are a herbivore.
You cover ground extremely quickly.
You need to consume almost no food.


Message History

The deep elf mage easily resists.
Casting: Confuse (safe; 12% risk of failure)
Confirm with . or Enter, or press ? or * to list all spells.
Aiming: Confuse (safe; 12% risk of failure)
Press: ? - help, Shift-Dir - straight line, f/p - deep elf mage
Aim: a deep elf mage, wielding a long sword of holy wrath (chance to defeat MR: The deep elf mage easily resists.
The deep elf mage casts a spell.
The deep elf mage gestures wildly while chanting.
The deep elf mage blinks!
The redback bites you.
You are lethally poisoned!
The redback poisons you! The hell rat closely misses you.
There is a fountain of clear blue water here.
You feel very sick.
You hit the hell rat but do no damage.
You feel sick. The redback closely misses you. The deep elf mage misses you.
The hell rat bites you!
Ouch! That really hurt!
You die...

▓▓▓▓▓▓▓▓▓▓ ▓▓▓ #..'.....♣
♣.##### #..#....♣♣♣ ♣.#___#
####......♣ ♣.#...#
...#....≈♣♣♣♣♣.###§#+###+##
...#...≈≈♣♣♣...#..........#
...#..≈≈≈≈♣.♣♣.re⌠........#
##'#..≈≈≈†≈≈♣..#@s.######+#
...#.≈≈≈≈≈≈....#.⌠.#
...#.≈≈≈≈≈.....#...#
...#.≈≈≈.......#+###
####...........#
...†...........#
▓▓▓▓▓▓▓▓▓▓▓▓▓▓▓▓


You could see a deep elf mage, a redback and a hell rat.

Vanquished Creatures
  A water elemental (D)
  A human (D)
  A wolf (D)
  2 oozes (D)
  2 rats (D)
7 creatures vanquished.

Vanquished Creatures (others)
  3 hellions (D)
  A yaktaur (D)
4 creatures vanquished.

Grand Total: 11 creatures vanquished

Notes
Turn   | Place    | Note
-------+----------+-------------------------------------------
     0 | D        | MuseOD the Spriggan Enchanter began the quest for the Orb.
     0 | D        | Reached XP level 1. HP: 9/9 MP: 5/5
     4 | D        | Reached skill level 1 in Fighting
     4 | D        | Reached skill level 5 in Stealth
     7 | D        | Reached XP level 2. HP: 14/14 MP: 6/6
    14 | D        | Learned a level 2 spell: Ensorcelled Hibernation
    96 | D        | Reached skill level 6 in Stealth
    96 | D        | Reached XP level 3. HP: 18/18 MP: 8/8
   104 | D        | Killed a hellion
   112 | D        | Killed a yaktaur
   119 | D        | Killed a hellion
   134 | D        | Killed a hellion
   149 | D        | Learned a level 3 spell: Confuse
   167 | D        | Reached skill level 5 in Short Blades
   209 | D        | Noticed a water elemental
   212 | D        | Killed a water elemental
   212 | D        | Reached skill level 8 in Stealth
   212 | D        | Reached XP level 4. HP: 24/24 MP: 9/9
   216 | D        | Found a glowing silver altar of Zin.
   216 | D        | Found a glowing golden altar of the Shining One.
   216 | D        | Found a white marble altar of Elyvilon.
   216 | D        | Noticed a deep elf mage
   220 | D        | Noticed a redback
   223 | D        | Slain by a hell rat

Skill      XL: |  1  2  3 |
---------------+----------+-----
Fighting       | 1 2 3 |  3.4
Short Blades   | 3 4 6 |  6.9
Stealth        | 5 6 8 |  8.3
Dodging        | |  3.0
Spellcasting   | |  2.6
Hexes          | |  3.6

Action                   |  1- 3 |  4- 6 || total
-------------------------+-------+-------++-------
Melee: Dagger            |    25 |     1 ||    26
 Cast: Confuse           |     1 |     3 ||     4
  Use: Potion            |     1 |       ||     1
 Stab: Sleeping          |     3 |       ||     3
       Confused          |     1 |       ||     1
Dodge: Dodged            |    12 |     3 ||    15
